 Dungeon Crawl Stone Soup version 0.28-a0-726-g4a9143789a (webtiles) character file.

Game seed: 7315829368382841359

316 cheechan the Chopper (level 6, -2/43 HPs)
             Began as an Octopode Fighter on Oct 27, 2021.
             Was an Initiate of Ashenzari.
             Slain by a gnoll (9 damage)
             ... on level 4 of the Dungeon.
             The game lasted 00:14:34 (3875 turns).

cheechan the Chopper (Octopode Fighter)             Turns: 3875, Time: 00:14:35

Health: -2/43      AC:  1    Str: 17    XL:     6   Next: 44%
Magic:  1/7        EV: 14    Int: 10    God:    Ashenzari [......]
Gold:   118        SH:  4    Dex: 12    Spells: 5/7 levels left

rFire   . . .      SeeInvis +   a - +0 war axe
rCold   . . .      Faith    +   b - +0 buckler
rNeg    . . .      Spirit   .   (helmet restricted)
rPois   .          Reflect  .   m - amulet of faith
rElec   .          Harm     .   i - ring of see invisible
rCorr   .          Rampage  .   (no ring)
Will    .....                   (no ring)
Stlth   +++.......              (no ring)
HPRegen 0.14/turn               (no ring)
MPRegen 0.10/turn               (no ring)
                                (no ring)
                                (no ring)

@: no status effects
A: almost no armour, amphibious, 8 rings, camouflage 1, gelatinous body 1,
(nimble swimmer 1), tentacles
a: Renounce Religion


You were on level 4 of the Dungeon.
You worshipped Ashenzari.
Ashenzari was noncommittal.
You visited 2 branches of the dungeon, and saw 5 of its levels.

You collected 118 gold pieces.

Inventory:

Hand Weapons
 a - a +0 war axe (weapon)
 c - a +0 shortbow
 k - a +0 war axe
Missiles
 d - 122 stones
 e - 43 arrows
 f - 16 poisoned darts (quivered)
 l - 25 sling bullets
Armour
 b - a +0 buckler (worn)
Jewellery
 i - a ring of see invisible (left tentacle)
 m - an amulet of faith (around mantle)
Wands
 h - a wand of paralysis (8)
Potions
 g - 2 potions of curing
 j - a potion of flight
 n - a potion of cancellation


   Skills:
 + Level 4.0 Fighting
 + Level 4.1 Axes
 + Level 3.7 Dodging
 + Level 2.2 Stealth
 + Level 3.4 Shields
 + Level 1.1 Spellcasting
 + Level 1.3 Conjurations
 + Level 0.1 Air Magic
 + Level 0.4 Earth Magic


You had 5 spell levels left.
You knew the following spells:

 Your Spells              Type           Power      Damage    Failure   Level
a - Sandblast             Erth           2%         2d4       30%         1
b - Shock                 Conj/Air       8%         1d3       26%         1

Your spell library contained the following spells:

 Spells                   Type           Power      Damage    Failure   Level
 Passwall                 Tmut/Erth      0%         N/A       45%         2
 Stone Arrow              Conj/Erth      4%         3d7       61%         3
 Dazzling Flash           Conj/Hex       2%         N/A       63%         3
 Swiftness                Air            0%         N/A       71%         3
 Iskenderun's Mystic Bla  Conj/Tloc      1%         2d3       95%         4
 Airstrike                Air            0%         N/A       98%         4
 Starburst                Conj/Fire      0%         6d3       100%        6


Dungeon Overview and Level Annotations

Branches:
Dungeon (4/15)             Temple (1/1) D:4

Altars:
Ashenzari
Cheibriados
Elyvilon
Gozag
Hepliaklqana
Kikubaaqudgha
Makhleb
Nemelex Xobeh
Okawaru
Qazlal
Ru
Uskayaw
Vehumet
Wu Jian
Xom
The Shining One


Innate Abilities, Weirdness & Mutations

You cannot wear most types of armour.
You are amphibious.
You can wear up to eight rings at the same time.
Your skin changes colour to match your surroundings (Stealth+).
Your rubbery body absorbs attacks. (AC +1, EV +1)
((You are camouflaged near water. (Stealth+)))
You have tentacles for arms and can constrict up to eight enemies at once.


Message History

The gnoll is heavily wounded.
The zap hits the gnoll.
The gnoll is severely wounded.
The gnoll misses you.
Casting: Shock (safe; 26% risk of failure)
Confirm with . or Enter, or press ? or * to list all spells.
Aiming: Shock (safe; 26% risk of failure)
Press: ? - help, Shift-Dir - straight line, f/p - gnoll
Aim: a gnoll, wielding a +0 halberd (severely wounded, 69% to hit)
The zap misses the gnoll. x2; The zap hits the gnoll.
The gnoll is severely wounded.
The gnoll misses you.
Okay, then.
You aren't carrying any scrolls.
You barely miss the gnoll. You grab the gnoll.
The gnoll is heavily wounded.
You constrict the gnoll. The gnoll hits you with a +0 whip.
You hit the gnoll.
You squeeze the gnoll, but do no damage.
The gnoll is severely wounded.
You constrict the gnoll. The gnoll closely misses you.
You hit the gnoll.
You kill the gnoll!
The gnoll hits you from afar with a +0 halberd!
You barely miss the gnoll. You grab the gnoll. You squeeze the gnoll.
The gnoll is severely wounded.
You constrict the gnoll.
You kill the gnoll!
You block the gnoll's attack.
The gnoll hits you from afar with a +0 spear.
* * * LOW HITPOINT WARNING * * *
The gnoll misses you.
Things that are here:
a +0 flail; a +0 whip; a gnoll corpse You hit the gnoll.
You kill the gnoll!
The gnoll misses you.
Your Fighting skill increases to level 4!
The gnoll hits you with a +0 spear!
You die...

* #.**,,,,,,* *,,,,,,,* *
#.**,,,,,,* *****'*** *
#.#*,,,,,,* ****'*** *
####..*,,,,,,* *,,,,,,, *
#.....##**'*** *,,,,,,, #
#......# *,* *,,,,,,, #
#......##*,* ****,,,,,,, #
*****#.g#*,* *,,',,,,,,,
############# ##@#*,*
*,**,,,,,,, ............#
#)#*,* *,**,,,,,,,
............# #.#*,*
*,,+,,,,,,, ............#
#.#*,* ****,,,,,,,
....†.......# #.##,*
*,,,,,,,
............####..#,*
*,,,,,,,
..................#,*
*,,,,,,,
................)...#
********
....................#******


You could see a gnoll.

Vanquished Creatures
  A centaur (D:3)
  A wyvern zombie (D:4)
  A centaur skeleton (D:4)
  2 iguanas
  3 gnolls (D:4)
  A worm (D:2)
  2 dart slugs
  An orc (D:3)
  7 ball pythons
  6 bats
  5 endoplasms
  A giant cockroach (D:1)
  6 goblins
  8 hobgoblins
  8 jackals (D:1)
  2 quokkas (D:1)
  3 frilled lizards
  4 kobolds
  3 rats
65 creatures vanquished.

Vanquished Creatures (others)
  A frilled lizard (D:1)
  2 fungi (D:2)
  2 plants (D:2)
5 creatures vanquished.

Grand Total: 70 creatures vanquished

Notes
Turn   | Place    | Note
-------+----------+-------------------------------------------
     0 | D:1      | cheechan the Octopode Fighter began the quest for the Orb.
     0 | D:1      | Reached XP level 1. HP: 16/16 MP: 1/1
    90 | D:1      | Reached XP level 2. HP: 16/21 MP: 2/2
   195 | D:1      | Reached XP level 3. HP: 9/26 MP: 3/3
   582 | D:1      | Learned a level 1 spell: Sandblast
  1413 | D:2      | Learned a level 1 spell: Shock
  1511 | D:2      | Found a faded altar of an unknown god.
  1789 | D:3      | Noticed a centaur
  1816 | D:4      | Reached XP level 4. HP: 18/31 MP: 2/4
  1949 | D:3      | Reached skill level 1 in Stealth
  1951 | D:3      | Killed a centaur
  1952 | D:3      | Reached skill level 1 in Spellcasting
  1952 | D:3      | Reached XP level 5. HP: 22/36 MP: 4/6
  2485 | D:4      | Reached skill level 1 in Conjurations
  2687 | D:4      | Reached XP level 6. HP: 7/43 MP: 7/7
  2959 | D:4      | Found a stormy altar of Qazlal.
  2959 | D:4      | Found a glowing golden altar of the Shining One.
  3061 | D:4      | Found a staircase to the Ecumenical Temple.
  3111 | Temple   | Entered the Ecumenical Temple
  3347 | Temple   | Became a worshipper of Xom of Chaos
  3365 | Temple   | Fell from the grace of Xom
  3365 | Temple   | Became a worshipper of Ashenzari the Shackled
  3875 | D:4      | Slain by a gnoll

Illustrated notes

Levels and vault maps discovered:
D:1:      zaba_arrival_water, layout_basic, minmay_tiny_reverse_x
D:2:      layout_basic, shapermc_ecumenical_altar_petra
D:3:      layout_loops_ring, minmay_misc_feat_diagonals, minivault_5,
          kennysheep_generic_room_7
D:4:      layout_basic, gammafunk_temple_overflow_wave, temple_green
Temple:   jpeg_temple_clearing

Skill      XL: |  1  2  3  4  5  6 |
---------------+-------------------+-----
Axes           | 3 4 |  4.1
Stealth        | 1 2 |  2.2
Spellcasting   | 1 |  1.1
Conjurations   | 1 |  1.3
Fighting       | 4 |  4.0
Dodging        | |  3.7
Shields        | |  3.4
Air Magic      | |  0.1
Earth Magic    | |  0.4

Action                   |  1- 3 |  4- 6 || total
-------------------------+-------+-------++-------
Melee: War axe           |    70 |    48 ||   118
       Tentacles         |    13 |    13 ||    26
       Constrict         |    18 |     7 ||    25
 Cast: Sandblast         |     5 |       ||     5
       Shock             |     2 |     7 ||     9
  Use: Scroll            |     4 |     4 ||     8
       Potion            |       |     2 ||     2
 Stab: Sleeping          |     3 |     4 ||     7
       Distracted        |     1 |       ||     1
Armor: Skin              |     6 |     7 ||    13
Dodge: Dodged            |    54 |    58 ||   112
Block: Buckler           |    13 |    19 ||    32

Table legend: (Time is in decaauts)
 A = Elapsed time spent in this place.
 B = Non-inter-level travel time spent in this place.
 C = Inter-level travel time spent in this place.
 D = Time resting spent in this place.
 E = Time spent auto-exploring this place.
 F = Levels seen in this place.
 G = Mean time per level.
                   A        B        C        D        E       F      G
               +--------+--------+--------+--------+--------+-----+--------+
         Total |   3919 |   3919 |      0 |    979 |      0 |   5 |  783.8 |
       Dungeon |   3640 |   3640 |      0 |    979 |      0 |   4 |  910.0 |
        Temple |    278 |    278 |      0 |      0 |      0 |   1 |  278.0 |
               +--------+--------+--------+--------+--------+-----+--------+

Top non-repeatable levels by time:
     D:1: 1122 daAuts
     D:4: 1059 daAuts
     D:3: 839 daAuts
     D:2: 619 daAuts
  Temple: 278 daAuts
